 Dungeon Crawl Stone Soup version 0.28-a0-1429-gf3d713df7a (webtiles) character file.

Game seed: 3629232080555740731

119 innerfire433 the Chopper (level 4, -6/25 (37) HPs)
             Began as a Demonspawn Berserker on Jan 8, 2022.
             Was a Follower of Trog.
             Killed by nerve-wracking pain
             ... invoked by Jessica
              (10 damage)
             ... on level 3 of the Dungeon.
             The game lasted 00:03:58 (2751 turns).

innerfire433 the Chopper (Demonspawn Berserker)     Turns: 2751, Time: 00:04:00

HP:   -6/25 (37)    AC:  8    Str: 20    XL:     4   Next: 73%
MP:   4/4           EV: 11    Int:  8    God:    Trog [*.....]
Gold: 143           SH:  0    Dex: 12    Spells: 3/3 levels left

rFire   . . .      SeeInvis .   a - +0 hand axe
rCold   . . .      Faith    .   (no shield)
rNeg    . . .      Spirit   .   c - +0 ring mail
rPois   .          Reflect  .   (no helmet)
rElec   .          Harm     .   g - +0 cloak
rCorr   .          Rampage  .   (no gloves)
Will    .....                   (no boots)
Stlth   +.........              (no amulet)
HPRegen 0.08/turn               (no ring)
MPRegen 0.09/turn               (no ring)

@: very heavily drained
A: claws 2, molten scales 1
a: Renounce Religion, Berserk


You were on level 3 of the Dungeon.
You worshipped Trog.
Trog was aware of your devotion.
You visited 1 branch of the dungeon, and saw 3 of its levels.

You collected 143 gold pieces.

Inventory:

Hand Weapons
 a - a +0 hand axe (weapon)
Armour
 b - a +0 animal skin
 c - a +0 ring mail (worn)
 g - a +0 cloak (worn)
Wands
 l - a wand of flame (10)
Scrolls
 e - 4 scrolls of identify {unknown}
 f - 2 scrolls of enchant weapon {unknown}
 h - a scroll of magic mapping {unknown}
 j - a scroll of brand weapon {unknown}
 m - a scroll of enchant armour {unknown}
Potions
 d - a potion of magic {unknown}
 i - a potion of degeneration {unknown}
 k - a potion of lignification {unknown}
 n - a potion of attraction {unknown}


   Skills:
 + Level 3.6 Fighting
 + Level 4.0 Axes
 + Level 2.4 Armour
 + Level 2.0 Dodging
 + Level 0.6 Stealth


You had 3 spell levels left.
You didn't know any spells.
Your spell library contained the following spells:

 Spells                   Type           Power      Damage    Failure   Level
 Static Discharge         Conj/Air       0%         N/A       73%         2
 Dispel Undead            Necr           0%         3d6       100%        4
 Sticky Flame             Conj/Fire      0%         2d3       100%        4


Dungeon Overview and Level Annotations

Branches:
Dungeon (3/15)

Altars:
Ashenzari
Gozag
Makhleb
Ru
Trog

Annotations:
D:3 Jessica


Innate Abilities, Weirdness & Mutations

You have very sharp fingernails.
You are partially covered in molten scales. (AC +2)


Message History

You closely miss Jessica.
Jessica is moderately wounded.
Jessica hits you with a +3 dagger of draining.
You feel drained. Jessica completely misses you.
You hit Jessica but do no damage.
Jessica is moderately wounded.
Jessica hits you with a +3 dagger of draining.
You feel drained. Jessica hits you but does no damage.
You feel drained.
Jessica hits you with a +3 dagger of draining.
You feel drained.
You closely miss Jessica.
Jessica is lightly wounded.
Jessica hits you with a +3 dagger of draining.
You feel drained.
Jessica gestures wildly while chanting.
Jessica blinks!
You are too injured to fight recklessly!
Unknown command.
Jessica mumbles some strange words.
Jessica blinks!
Jessica hits you with a +3 dagger of draining!
* * * LOW HITPOINT WARNING * * *
You feel drained. Jessica closely misses you.
You slash Jessica!
Jessica is almost dead.
Jessica grins evilly.
Jessica closely misses you. Jessica hits you but does no damage.
You feel drained.
You hit Jessica.
Jessica is almost dead.
Jessica hits you but does no damage.
You feel drained. Jessica barely misses you.
You closely miss Jessica.
Jessica is almost dead.
You feel yourself speed up.
Jessica casts a spell.
Jessica blinks!
Jessica points at you and mumbles some strange words.
Pain shoots through your body!
You die...

## #.#########
##.......... #...........
#..#.......#
#####..#.....#.# .####+##
#..............# ........
#.......@.##.#.# ........
#.....†.§.##. ........
#............. ........
#........@...# .###>...
#.###.......... .. #....
#.................###....
#.##...#'##(.............
#.##...#...............).
#.#........... ..)......


You could see Jessica (fast).

Vanquished Creatures
  A water moccasin skeleton (D:3)
  Terence (D:3)
  An adder (D:2)
  A dart slug (D:3)
  4 orcs (D:3)
  3 bats
  4 endoplasms
  2 giant cockroaches
  3 goblins
  4 hobgoblins
  A quokka (D:1)
  A ball python (D:3)
  A frilled lizard (D:3)
  3 kobolds
  4 rats
34 creatures vanquished.

Notes
Turn   | Place    | Note
-------+----------+-------------------------------------------
     0 | D:1      | innerfire433 the Demonspawn Berserker began the quest for
                  | the Orb.
     0 | D:1      | Reached XP level 1. HP: 18/18 MP: 1/1
   455 | D:1      | Reached skill level 3 in Axes
   651 | D:1      | Gained mutation: You have sharp fingernails. [demonic
                  | ancestry]
   651 | D:1      | Reached XP level 2. HP: 24/24 MP: 2/2
  1579 | D:2      | Found a faded altar of an unknown god.
  1601 | D:2      | Prayed at the altar of an unknown god.
  1694 | D:3      | Found a burning altar of Makhleb.
  1716 | D:3      | Gained mutation: You have very sharp fingernails. [demonic
                  | ancestry]
  1716 | D:3      | Reached XP level 3. HP: 27/29 MP: 3/3
  1740 | D:3      | Noticed Terence
  1903 | D:3      | Found an opulent altar of Gozag.
  2166 | D:3      | Found a broken altar of Ashenzari.
  2237 | D:3      | Gained mutation: You are partially covered in molten
                  | scales. (AC +2) [demonic ancestry]
  2237 | D:3      | Reached XP level 4. HP: 22/35 MP: 4/4
  2369 | D:3      | Found a sacrificial altar of Ru.
  2393 | D:3      | Killed Terence
  2394 | D:3      | Reached skill level 4 in Axes
  2732 | D:3      | Noticed Jessica
  2751 | D:3      | Killed from afar by Jessica

Illustrated notes

Levels and vault maps discovered:
D:1:      lightli_arrival_noodles, layout_basic, chequers_serial_rivers_micro_c
D:2:      layout_loops_ring, shapermc_ecumenical_altar_mp_highgroup
D:3:      layout_basic, nicolae_ru_awakened_eye, nicolae_gozag_seed_capital,
          mainiacjoe_overflow_brackets, nicolae_ashenzari_skybound,
          uniq_terence, uniq_jessica

Skill      XL: |  1  2  3  4 |
---------------+-------------+-----
Axes           | 3 4 |  4.0
Armour         | 2 |  2.4
Dodging        | 2 |  2.0
Fighting       | |  3.6
Stealth        | |  0.6

Action                   |  1- 3 |  4- 6 || total
-------------------------+-------+-------++-------
Melee: Hand axe          |    84 |    33 ||   117
       Punch             |     3 |     1 ||     4
Invok: Berserk           |       |     1 ||     1
Armor: Ring mail         |    26 |    15 ||    41
       Animal skin       |     1 |       ||     1
Dodge: Dodged            |    46 |    26 ||    72

Table legend: (Time is in decaauts)
 A = Elapsed time spent in this place.
 B = Non-inter-level travel time spent in this place.
 C = Inter-level travel time spent in this place.
 D = Time resting spent in this place.
 E = Time spent auto-exploring this place.
 F = Levels seen in this place.
 G = Mean time per level.
                   A        B        C        D        E       F      G
               +--------+--------+--------+--------+--------+-----+--------+
         Total |   2782 |   2782 |      0 |      0 |   2324 |   3 |  927.3 |
       Dungeon |   2782 |   2782 |      0 |      0 |   2324 |   3 |  927.3 |
               +--------+--------+--------+--------+--------+-----+--------+

Top non-repeatable levels by time:
     D:3: 1094 daAuts
     D:2: 954 daAuts
     D:1: 732 daAuts
